 Dungeon Crawl Stone Soup version 0.23.2-33-g5129a83184 (webtiles) character file.

Game seed: 17994659687139280237

812 Electrofox the Changer (level 7, -2/52 HPs)
             Began as a Yellow Draconian Transmuter on Aug 2, 2019.
             Was a Follower of Elyvilon.
             Slain by a centaur (7 damage)
             ... on level 6 of the Dungeon.
             The game lasted 00:54:10 (7422 turns).

Electrofox the Changer (DrTm)                       Turns: 7422, Time: 00:54:11

Health: -2/52      AC:  6    Str: 13    XL:     7   Next: 61%
Magic:  10/13      EV: 12    Int: 15    God:    Elyvilon [*.....]
Gold:   273        SH:  0    Dex: 11    Spells: 8/14 levels left

rFire    . . .     SeeInvis .     - Unarmed
rCold    . . .     Gourm    .   (no shield)
rNeg     . . .     Faith    .   (armour unavailable)
rPois    .         Spirit   .   (helmet restricted)
rElec    .         Reflect  .   (no cloak)
rCorr    +         Harm     .   (no gloves)
MR       .....                  (no boots)
Stlth    +.........             b - amulet of the acrobat
HPRegen  0.17/turn              (no ring)
MPRegen  0.13/turn              (no ring)

@: short of breath, appendage (expiring)
A: spit acid, unfitting armour, horns 2, cold-blooded, acid resistance, AC +6
a: Breathe Acid, End Transformation, Lesser Healing, Divine Protection, Renounce
Religion


You were on level 6 of the Dungeon.
You worshipped Elyvilon.
Elyvilon was aware of your devotion.
You were not hungry.
You had grown temporary horns.
You visited 2 branches of the dungeon, and saw 7 of its levels.

You collected 273 gold pieces.

Inventory:

Hand Weapons
 j - a +0 hunting sling
 x - the +9 dagger "Zeuziet" {pierce, rElec rPois rN++, unknown}
   (You found it on level 5 of the Dungeon)

   It inflicts extra damage upon your enemies.
   It insulates you from electricity.
   It protects you from poison.
   It greatly protects you from negative energy.
Missiles
 a - 70 arrows
 s - 2 tomahawks of dispersal (quivered)
Jewellery
 b - an amulet of the acrobat (around neck)
 p - a +5 ring of dexterity
 t - an uncursed ring of protection from fire {unknown}
 z - an uncursed ring of stealth {unknown}
Scrolls
 e - a scroll of fear {unknown}
 k - 2 scrolls of teleportation
 l - a scroll of random uselessness {unknown}
 n - a scroll of noise {unknown}
 o - a scroll of amnesia {unknown}
 r - 3 scrolls of identify {unknown}
 y - a scroll of magic mapping {unknown}
 B - a scroll of enchant weapon {unknown}
Potions
 d - a potion of haste {unknown}
 f - 2 potions of agility {unknown}
 g - 2 potions of mutation {unknown}
 h - a potion of flight {unknown}
 i - a potion of berserk rage {unknown}
 m - a potion of lignification {unknown}
 q - a potion of might {unknown}
 u - 3 potions of curing {unknown}
 v - a potion of magic {unknown}
 w - a potion of heal wounds {unknown}
Comestibles
 c - 5 rations


   Skills:
 - Level 1.1 Fighting
 - Level 1.7 Dodging
 + Level 5.1 Unarmed Combat
 * Level 4.3 Spellcasting
 * Level 5.9 Transmutations
 - Level 2.1 Poison Magic


You had 8 spell levels left.
You knew the following spells:

 Your Spells              Type           Power        Failure   Level  Hunger
a - Beastly Appendage     Tmut           ###...       1%          1    None
b - Sticks to Snakes      Tmut           ###.....     2%          2    ##.....
c - Spider Form           Tmut/Pois      ###.......   10%         3    ###....

Your spell library contained the following spells:

 Spells                   Type           Power        Failure   Level  Hunger
 Blade Hands              Tmut           ###.......   38%         5    ######.
 Ice Form                 Ice/Tmut       ##......     45%         4    ####...
 Portal Projectile        Hex/Tloc       #.....       47%         3    ###....
 Recall                   Summ/Tloc      N/A          47%         3    ###....
 Ozocubu's Refrigeration  Ice            #.........   100%        6    #######
 Disjunction              Tloc           #.........   100%        8    #######


Dungeon Overview and Level Annotations

Branches:
Dungeon (6/15)             Temple (1/1) D:5

Altars:
Ashenzari
Cheibriados
Dithmenos
Elyvilon
Fedhas
Gozag
Hepliaklqana
Kikubaaqudgha
Makhleb
Nemelex Xobeh
Okawaru
Qazlal
Ru
Sif Muna
Trog
Uskayaw
Vehumet
Wu Jian
Xom
Yredelemnul
Zin
The Shining One


Innate Abilities, Weirdness & Mutations

You can spit globs of acid.
Your golden yellow scales are hard. (AC +6)
You cannot fit into any form of body armour.
You are cold-blooded and may be slowed by cold attacks.
You are resistant to acid. (rCorr)
You have a pair of horns on your head.


Message History

You kill the centaur!
You feel somewhat more hungry.
Your transformation is almost over.
The centaur shoots an arrow.
The arrow hits you!
You hit the centaur but do no damage. Your headbutt misses the centaur.
The centaur unwields a +0 shortbow.
The centaur hits you!
* * * LOW HITPOINT WARNING * * *
You are healed.
You feel somewhat more hungry. The centaur barely misses you.
You barely miss the centaur.
The centaur hits you but does no damage.
The centaur hits you.
* * * LOW HITPOINT WARNING * * *
You hit the centaur. You headbutt the centaur.
The centaur is moderately wounded.
The centaur hits you.
* * * LOW HITPOINT WARNING * * *
Casting: Beastly Appendage (safe; 1% risk of failure)
Confirm with . or Enter, or press ? or * to list all spells.
You create a snake!
You now have 70 arrows.
The centaur hits you!
You die...

#...#.# # ##.o...##.##
#........... #(...#
#..#..## ## #.###).# .##
#. #(.###..## #
##oZc.#S.###. #.##@.......
#(F....(........
##......#..#.....
#.###..##.......
###.####..........
#####..............)..
..........................
#.........#.##.#.....^....
.....##...................


You could see a bullfrog, a centaur, an orc, a jackal zombie and a friendly ball
python.

Vanquished Creatures
  2 centaurs (D:6)
  2 ogres
  A wyvern zombie (D:6)
  A scorpion (D:4)
  A centaur zombie (D:6)
  2 crimson imps
  A bullfrog zombie (D:6)
  An orc priest (D:3)
  A worker ant (D:5)
  An orc wizard (D:3)
  A hound skeleton (D:5)
  3 adders
  2 oozes
  4 worms (D:2)
  A dart slug (D:2)
  3 leopard geckos
  18 orcs
  2 ball pythons
  3 bats
  6 giant cockroaches
  8 goblins
  13 hobgoblins
  7 jackals
  10 kobolds
  4 frilled lizards
  A jackal skeleton (D:5)
  A jackal zombie (D:3)
  A leopard gecko skeleton (D:5)
  A quokka skeleton (D:4)
  9 rats
111 creatures vanquished.

Vanquished Creatures (collateral kills)
  An iguana (D:5)
  A leopard gecko (D:2)
2 creatures vanquished.

Grand Total: 113 creatures vanquished

Notes
Turn   | Place    | Note
-------+----------+-------------------------------------------
     0 | D:1      | Electrofox the Draconian Transmuter began the quest for the
                  | Orb.
     0 | D:1      | Reached XP level 1. HP: 16/16 MP: 3/3
   116 | D:1      | Reached XP level 2. HP: 11/23 MP: 5/5
   895 | D:1      | Reached XP level 3. HP: 22/28 MP: 6/6
  1463 | D:2      | Learned a level 2 spell: Sticks to Snakes
  1892 | D:2      | Reached XP level 4. HP: 33/35 MP: 3/8
  3572 | D:3      | Reached XP level 5. HP: 16/40 MP: 7/10
  3835 | D:3      | Found a bloodstained altar of Trog.
  3904 | D:3      | Learned a level 3 spell: Spider Form
  4374 | D:4      | Found a blossoming altar of Fedhas.
  4469 | D:4      | Reached skill level 1 in Poison Magic
  5175 | D:5      | Entered Level 5 of the Dungeon
  5177 | D:5      | Found a staircase to the Ecumenical Temple.
  5215 | D:5      | Got a jewelled dagger
  5228 | Temple   | Entered the Ecumenical Temple
  5478 | Temple   | Became a worshipper of Elyvilon the Healer
  5518 | D:5      | Noticed a two-headed ogre
  5592 | D:5      | Reached XP level 6. HP: 46/47 MP: 9/11
  6096 | D:5      | Noticed an ice beast
  6191 | D:5      | Reached * piety under Elyvilon
  6798 | D:6      | Reached skill level 5 in Transmutations
  6808 | D:6      | Your scales start taking on a golden yellow colour.
  6808 | D:6      | Reached XP level 7. HP: 26/52 MP: 10/12
  6808 | D:6      | Gained mutation: You are resistant to acid. (rCorr) [Yellow
                  | Draconian growth]
  7350 | D:6      | Reached skill level 5 in Unarmed Combat
  7378 | D:6      | Identified Huptikad's Handbook of Glacial Displacement
  7422 | D:6      | Slain by a centaur

Skill      XL: |  1  2  3  4  5  6  7 |
---------------+----------------------+-----
Transmutations | 3 4 5 |  5.9
Spellcasting   | 3 4 |  4.3
Poison Magic   | 1 2 |  2.1
Unarmed Combat | 4 5 |  5.1
Fighting       | |  1.1
Dodging        | |  1.7

Action                   |  1- 3 |  4- 6 |  7- 9 || total
-------------------------+-------+-------+-------++-------
Melee: Unarmed           |   134 |   281 |    38 ||   453
       Tailslap          |    12 |    27 |     5 ||    44
       Dagger            |     8 |       |       ||     8
       Headbutt          |     2 |    16 |     7 ||    25
       Punch             |     2 |     3 |       ||     5
       Kick              |     5 |    26 |     5 ||    36
 Cast: Beastly Appendage |     7 |    32 |     4 ||    43
       Sticks to Snakes  |     2 |     9 |     2 ||    13
Invok: Lesser Healing    |       |       |     1 ||     1
 Abil: Breathe Acid      |       |       |     2 ||     2
  Use: Scroll            |       |       |     1 ||     1
 Stab: Sleeping          |     2 |     1 |       ||     3
  Eat: Chunk             |     3 |    13 |     1 ||    17
       Ration            |       |     1 |     1 ||     2
Armor: Skin              |    35 |    64 |    10 ||   109
Dodge: Dodged            |    78 |   164 |    20 ||   262
